 Dungeon Crawl Stone Soup version 0.26.0-18-gc5c842f807 (webtiles) character file.

Game seed: 4489299952633861288

111 thiole the Sneak (level 4, -3/27 HPs)
             Began as an Octopode Hedge Wizard on Jan 23, 2021.
             Killed from afar by an orc wizard (9 damage)
             ... with a puff of flame
             ... on level 3 of the Dungeon.
             The game lasted 00:03:59 (2761 turns).

thiole the Sneak (Octopode Hedge Wizard)            Turns: 2761, Time: 00:04:00

Health: -3/27      AC:  1    Str:  9    XL:     4   Next: 92%
Magic:  4/9        EV: 13    Int: 17    God:
Gold:   66         SH:  0    Dex: 11    Spells: 4/10 levels left

rFire    . . .     SeeInvis .   p - +2 dagger (vamp)
rCold    . . .     Faith    .   (no shield)
rNeg     . . .     Spirit   .   b - +0 hat
rPois    .         Reflect  .   n - amulet of regeneration
rElec    .         Harm     .   (no ring)
rCorr    .         Rampage  .   (no ring)
Will     .....                  (no ring)
Stlth    +++.......             (no ring)
HPRegen  0.49/turn              (no ring)
MPRegen  0.11/turn              (no ring)
                                (no ring)
                                (no ring)

@: flying
A: almost no armour, stealthy swim, amphibious, 8 rings, constrict 8, camouflage
1, gelatinous body 1
a: no special abilities


You were on level 3 of the Dungeon.
You visited 1 branch of the dungeon, and saw 3 of its levels.

You collected 66 gold pieces.

Inventory:

Hand Weapons
 p - a +2 vampiric dagger (weapon)
Armour
 b - a +0 hat (worn)
Jewellery
 n - an amulet of regeneration (around mantle)
Scrolls
 a - 2 scrolls of remove curse {unknown}
 f - a scroll of blinking {unknown}
 g - 2 scrolls of identify
 h - a scroll of enchant armour {unknown}
 j - 2 scrolls of magic mapping
 k - a scroll of amnesia
 o - a scroll of immolation {unknown}
 q - 3 scrolls of teleportation
Potions
 c - a potion of ambrosia {unknown}
 d - a potion of invisibility {unknown}
 i - a potion of lignification {unknown}
 l - a potion of flight
 m - a potion of heal wounds {unknown}
 r - a potion of magic {unknown}


   Skills:
 - Level 2.0 Dodging
 + Level 4.3 Stealth
 + Level 3.6 Spellcasting
 - Level 2.0 Conjurations
 - Level 2.0 Summonings
 - Level 1.0 Translocations
 + Level 1.3 Air Magic


You had 4 spell levels left.
You knew the following spells:

 Your Spells              Type           Power        Failure   Level
a - Magic Dart            Conj           36%          8%          1
b - Call Imp              Summ           9%           11%         2
d - Mephitic Cloud        Conj/Pois/Air  6%           30%         3

Your spell library contained the following spells:

 Spells                   Type           Power        Failure   Level
 Blink                    Tloc           N/A          17%         2
 Slow                     Hex            3%           26%         2
 Conjure Flame            Conj/Fire      6%           32%         3


Dungeon Overview and Level Annotations

Branches:
Dungeon (3/15)

Altars:
Nemelex Xobeh


Innate Abilities, Weirdness & Mutations

You cannot wear most types of armour.
You are very stealthy in the water. (Stealth+)
You are amphibious.
You can wear up to eight rings at the same time.
You can use your tentacles to constrict eight enemies at once.
Your skin changes colour to match your surroundings (Stealth+).
Your rubbery body absorbs attacks. (AC +1, EV +1)


Message History

The orc hits you with a +0 dagger.
* * * LOW HITPOINT WARNING * * *
The orc wizard hits you with a +0 dagger.
* * * LOW HITPOINT WARNING * * *
You feel better. The orc closely misses you.
You barely miss the orc wizard. Your grab misses the orc wizard.
The orc wizard is heavily wounded.
The orc closely misses you. The orc wizard misses you.
You hit the orc wizard.
You feel better.
Your grab misses the orc wizard.
The orc wizard is severely wounded.
The orc wizard hits you with a +0 dagger.
The orc closely misses you.
The orc wizard hits you with a +0 dagger.
* * * LOW HITPOINT WARNING * * *
It was a potion of flight.
You feel very buoyant.
You fly up into the air.
The orc wizard gestures at you while chanting.
The puff of flame hits you!
You die...

********,******,,,,,,* *,*
*,,,,,,>,,,,,,* *,*
***,*,,,,,,,*** *,*
*****################# *,*
*,,,,................# *,*
****,,*,..#...#...#...#.#
*,*
,,,*_,,,................###
*,*
**,*,,*,..#...#ooo#...#.>.#
*,*
,,,*,,,,......oo@.........#
*.#
,*******###############...#
*.# ,* *,,* *,#...[.## *.#
** *,****,#......###.#
*,**,,,######.##..#
*,**,*** #..#.#* **,**,*
##.†.# ****** *,,,,,*
#...## *,,,,****,*,***
##...#


You could see 2 orc wizards and 3 orcs.

Vanquished Creatures
  A gnoll (D:1)
  An adder (D:2)
  2 worms (D:2)
  3 dart slugs
  3 leopard geckos
  3 orcs (D:3)
  6 bats
  2 giant cockroaches (D:2)
  10 goblins
  6 hobgoblins
  9 jackals (D:1)
  4 frilled lizards
  3 kobolds (D:1)
  4 rats
57 creatures vanquished.

Vanquished Creatures (collateral kills)
  Terence (D:2)
1 creature vanquished.

Vanquished Creatures (others)
  4 toadstools (D:1)
4 creatures vanquished.

Grand Total: 62 creatures vanquished

Notes
Turn   | Place    | Note
-------+----------+-------------------------------------------
     0 | D:1      | thiole the Octopode Hedge Wizard began the quest for the
                  | Orb.
     0 | D:1      | Reached XP level 1. HP: 11/11 MP: 4/4
   175 | D:1      | Reached XP level 2. HP: 12/17 MP: 0/6
   381 | D:1      | Reached skill level 3 in Stealth
   485 | D:1      | Reached XP level 3. HP: 15/21 MP: 2/7
   808 | D:1      | Learned a level 2 spell: Call Imp
   811 | D:1      | Learned a level 2 spell: Slow
   815 | D:1      | Learned a level 3 spell: Mephitic Cloud
  1452 | D:2      | Noticed Terence
  1466 | D:2      | Killed Terence
  1467 | D:2      | Reached XP level 4. HP: 27/27 MP: 5/9
  1507 | D:2      | Found a sparkling altar of Nemelex Xobeh.
  1917 | D:2      | Reached skill level 4 in Stealth
  1917 | D:2      | Reached skill level 1 in Air Magic
  2761 | D:3      | Killed from afar by an orc wizard

Illustrated notes

Levels and vault maps discovered:
D:1:      ldierk_walled_garden_2, layout_loops_cross, minmay_3d_cube
D:2:      layout_rooms, overflow_temple_1_default, uniq_terence
D:3:      layout_rooms, lemuel_coloured_pillars_altar

Skill      XL: |  1  2  3  4 |
---------------+-------------+-----
Stealth        | 3 4 |  4.3
Conjurations   | 2 |  2.0
Summonings     | 2 |  2.0
Air Magic      | 1 |  1.3
Dodging        | |  2.0
Spellcasting   | |  3.6
Translocations | |  1.0

Action                   |  1- 3 |  4- 6 || total
-------------------------+-------+-------++-------
Melee: Dagger            |    50 |    20 ||    70
       Constrict         |    13 |     5 ||    18
       Tentacles         |     5 |     4 ||     9
 Cast: Magic Dart        |    57 |    81 ||   138
       Call Imp          |     2 |       ||     2
  Use: Scroll            |       |     6 ||     6
       Potion            |       |     2 ||     2
 Stab: Sleeping          |       |     1 ||     1
Armor: Skin              |     4 |       ||     4
Dodge: Dodged            |    44 |    22 ||    66
